 Dungeon Crawl Stone Soup version 0.19-a0-1008-g4c63d25 (webtiles) character file.

25079 Implojin the Fighter (level 13, -4/98 HPs)
             Began as a Halfling Assassin on July 23, 2016.
             Was an Elder of Okawaru.
             Killed from afar by an ogre mage (31 damage)
             ... with a bolt of lightning
             ... on level 13 of the Dungeon.
             The game lasted 00:59:04 (16433 turns).

Implojin the Fighter (Halfling Assassin)           Turns: 16433, Time: 00:59:05

Health: -4/98      AC: 12    Str: 11    XL:     13   Next: 47%
Magic:  13/15      EV: 32    Int: 10    God:    Okawaru [****..]
Gold:   846        SH:  9    Dex: 21    Spells: 0 memorised, 12 levels left

rFire  . . .     SeeInvis .     a - +6 demon blade (drain)
rCold  . . .     Gourm    .     O - +0 mottled dragon armour
rNeg   . . .     Faith    .     k - +0 buckler
rPois  .         Spirit   .     t - +0 helmet
rElec  .         Dismiss  .     C - +0 cloak
rCorr  .         Reflect  .     (no gloves)
SustAt .         Harm     .     (no boots)
MR     .....                    (no amulet)
Stlth  +++++.....               X - +3 ring of evasion
                                c - +3 ring of protection

@: heroism, not resistant to hostile enchantments, quite stealthy
A: mutation resistance 1, screaming 1
a: Heroism, Renounce Religion


You were on level 13 of the Dungeon.
You worshipped Okawaru.
Okawaru was greatly pleased with you.
You were not hungry.

You visited 1 branch of the dungeon, and saw 13 of its levels.
You also visited: Labyrinth.

You collected 846 gold pieces.

Inventory:

Hand Weapons
 a - a +6 demon blade of draining (weapon)
 b - a +0 blowgun
 i - a +4 dagger
 y - a +0 hunting sling
Missiles
 d - 3 needles of confusion
 e - 99 poisoned needles
 p - 29 tomahawks (quivered)
 A - 8 needles of sleeping
 S - 2 throwing nets
 W - 2 curare-tipped needles
Armour
 k - a +0 buckler (worn)
 t - a +0 helmet (worn)
 C - a +0 cloak (worn)
 D - the +1 ring mail of Theory {rElec Str+2}
   (You found it on level 12 of the Dungeon)

   It affects your strength (+2).
   It insulates you from electricity.
 G - a +2 chain mail of cold resistance
 J - a +0 plate armour of fire resistance
 O - a +0 mottled dragon armour (worn)
 P - a troll hide
 Q - a +2 leather armour of positive energy
 Z - a +0 shield
Jewellery
 c - a +3 ring of protection (left hand)
 n - a +3 ring of intelligence
 X - a +3 ring of evasion (right hand)
Wands
 z - a wand of teleportation (6/9)
 E - a wand of iceblast (3/15)
 R - a wand of lightning (9/15)
Scrolls
 h - 6 scrolls of noise
 j - 3 scrolls of recharging
 l - a scroll of fog
 m - 5 scrolls of amnesia
 q - 9 scrolls of remove curse
 F - 2 scrolls of immolation
Potions
 f - 3 potions of lignification
 w - 3 potions of brilliance
 x - a potion of cure mutation {unknown}
 B - a potion of magic
 H - 3 potions of curing
 I - a potion of agility {unknown}
 M - 3 potions of flight
 U - a potion of berserk rage {unknown}
Books
 r - a book of the Dragon

   Spells                             Type                      Level
   a - Flame Tongue                   Conjuration/Fire             1
   b - Cause Fear                     Hexes                        4
   c - Bolt of Fire                   Conjuration/Fire             6
   d - Dragon Form                    Transmutation                7
   e - Dragon's Call                  Summoning                    9
 v - a Young Poisoner's Handbook

   Spells                             Type                      Level
   a - Sting                          Conjuration/Poison           1
   b - Mephitic Cloud                 Conjuration/Poison/Air       3
   c - Olgreb's Toxic Radiance        Poison                       4
   d - Alistair's Intoxication        Transmutation/Poison         5
   e - Venom Bolt                     Conjuration/Poison           5
 N - a book of Minor Magic

   Spells                             Type                      Level
   a - Magic Dart                     Conjuration                  1
   b - Blink                          Translocation                2
   c - Call Imp                       Summoning                    2
   d - Repel Missiles                 Charms/Air                   2
   e - Slow                           Hexes                        2
   f - Conjure Flame                  Conjuration/Fire             3
   g - Mephitic Cloud                 Conjuration/Poison/Air       3
Comestibles
 g - 9 bread rations
 o - 2 meat rations
 K - 2 slices of pizza
 L - 7 fruits
 V - 6 beef jerkies
 Y - 2 royal jellies


   Skills:
 - Level 12.4(17.4) Fighting
 - Level 2.6(14.9) Short Blades
 * Level 11.3(16.4) Long Blades
 - Level 2.1(7.1) Throwing
 - Level 12.0(17.0) Dodging
 - Level 4.3(9.3) Stealth
 - Level 5.9(10.9) Shields
 - Level 3.4 Invocations


You had 12 spell levels left.
You didn't know any spells.

Dungeon Overview and Level Annotations

Branches:
Dungeon (13/15)            Temple (0/1) D:4            Lair (0/6) D:11
 Vaults (0/5) D:13
    Orc: D:9-12

Altars:
Ashenzari
Fedhas
Gozag
Okawaru
Qazlal
Uskayaw
Xom
Yredelemnul
The Shining One

Annotations:
D:4 dickylongcocking's ghost, novice MiFi
D:12 !hydra near upstairs care, exclusion: hydra


Innate Abilities, Weirdness & Mutations

You are small and have problems with some larger weapons.
You are somewhat resistant to further mutation.
You occasionally shout uncontrollably at your foes.


Message History

You slash something!
The ogre mage gestures wildly while chanting.
The ogre mage seems to speed up.
The vault guard hits you with a war axe.
The vault guard hits you with an enchanted dire flail!
* * * LOW HITPOINT WARNING * * *
The vault guard completely misses you.
You riposte.
You slice the vault guard!!
The vault guard is heavily wounded.
Unknown command.
As you read the scroll of fear, it crumbles to dust.
You assume a fearsome visage.
The vault guard resists with some effort.
The ogre mage resists with almost no effort.
The vault guard looks frightened! x2
You feel like a meek peon again. You block the ogre mage's attack.
You block the vault guard's attack. The ogre mage misses you.
Unknown command.
You gain the combat prowess of a mighty hero.
You block the ogre mage's attack.
The vault guard hits you with an enchanted dire flail.
* * * LOW HITPOINT WARNING * * *
Unknown command.
You block the ogre mage's attack. The ogre mage completely misses you.
The ogre mage gestures at you while chanting.
The bolt of lightning hits you!
* * * LOW HITPOINT WARNING * * *
The vault guard hits you with an enchanted dire flail!
* * * LOW HITPOINT WARNING * * *
Okay, then.
Okay, then.
Okay, then.
You feel much better. The ogre mage closely misses you.
You riposte.
You hit the ogre mage. You drain the ogre mage!
The ogre mage is lightly wounded.
The vault guard hits you with an enchanted dire flail!
* * * LOW HITPOINT WARNING * * *
The ogre mage casts a spell at you. The bolt of lightning hits you!
You die...

#.#(≈≈≈≈≈≈..(≈≈≈≈≈≈......).##8
#..≈≈≈≈≈≈≈...≈≈≈≈≈≈≈.####..≈##
#..≈≈≈≈≈≈≈...≈≈≈≈≈≈≈.# #...§#
#.###.p###'''###..#### #...##
#^##...# #...# #.$.# ##...≈
#.##...# #...# #...# #....
####...# #...# #...# ##...
'####.#p####'## ##..
........@O....# ###
..............# #
..p..........p#
######'######## ⌠. #.∩ #⌠. ###


You could see 3 vault guards and an ogre mage.

Vanquished Creatures
  A minotaur (Lab)
  The ghost of moose the Grappler, a journeyman CeTm of Okawaru (D:13)
  A vault guard (D:13)
  2 ogre magi (D:13)
  A centaur warrior (D:13)
  Urug (D:10)
  An unseen horror (D:10)
  3 hill giants
  2 cyclopes
  2 deep elf magi (D:13)
  An ugly thing (D:13)
  A centaur zombie (D:13)
  The ghost of moose the Ruffian, a novice CeTm (D:6)
  2 gargoyles (D:13)
  3 naga magi (D:13)
  2 trolls
  3 slime creatures (D:12)
  2 two-headed ogres
  Sigmund (D:2)
  2 wraiths
  15 yaks
  A wyvern (D:10)
  3 water elementals (D:12)
  2 basilisks (D:11)
  2 humans (D:13)
  2 hippogriffs
  Grum (D:10)
  A hungry ghost (D:13)
  A mottled dragon (D:13)
  2 water moccasins
  The ghost of Nausicaa the Ruffian, an amateur VSMo (D:5)
  4 porcupines (D:11)
  4 sky beasts
  2 phantoms
  9 orc warriors
  4 ice beasts
  2 wasps
  4 black bears
  A necrophage (D:10)
  10 ogres
  7 centaurs
  A wolf (D:10)
  A big kobold (D:11)
  7 crocodiles
  3 giant frogs
  A gnoll sergeant (D:13)
  4 scorpions
  8 howler monkeys
  5 electric eels (D:12)
  5 crimson imps
  A giant frog zombie (D:7)
  4 hounds
  2 giant frog skeletons
  Crazy Yiuf (D:2)
  A jelly (D:8)
  A centaur skeleton (D:7)
  6 orc priests
  2 iguanas
  Ijyb (D:1)
  11 orc wizards
  14 worker ants
  13 sheep
  A hound skeleton (D:4)
  A worker ant zombie (D:9)
  Robin (D:2)
  2 howler monkey skeletons
  4 gnolls (D:13)
  6 adders
  7 river rats (D:11)
  2 shadow imps
  2 oozes
  3 adder skeletons
  2 worms (D:2)
  3 dart slugs (D:2)
  4 giant geckos
  35 orcs
  7 giant cockroaches
  2 gnoll zombies (D:6)
  24 goblins
  13 hobgoblins
  8 jackals
  12 kobolds
  5 quokkas
  A ball python (D:2)
  12 bats
  A giant gecko zombie (D:5)
  7 giant newts
  A jackal skeleton (D:5)
  A quokka zombie (D:6)
  3 rats
373 creatures vanquished.

Vanquished Creatures (collateral kills)
  An ugly thing (D:11)
1 creature vanquished.

Vanquished Creatures (others)
  A wizard (D:13)
  4 plants
5 creatures vanquished.

Grand Total: 379 creatures vanquished

Notes
Turn   | Place    | Note
-------+----------+-------------------------------------------
     0 | D:1      | Implojin the Halfling Assassin began the quest for the Orb.
     0 | D:1      | Reached XP level 1. HP: 14/14 MP: 1/1
    57 | D:1      | Reached skill level 2 in Fighting
   191 | D:1      | Reached XP level 2. HP: 17/20 MP: 2/2
   445 | D:1      | Reached XP level 3. HP: 25/25 MP: 3/3
   472 | D:1      | Reached skill level 3 in Fighting
   630 | D:2      | Noticed Ijyb
   653 | D:1      | Gained mutation: You occasionally shout uncontrollably at your foes. [potion of mutation]
   888 | D:1      | Killed Ijyb
   888 | D:1      | Reached XP level 4. HP: 28/32 MP: 4/4
  1030 | D:2      | Found a blossoming altar of Fedhas.
  1131 | D:2      | Noticed Sigmund
  1201 | D:2      | Killed Sigmund
  1201 | D:2      | Reached skill level 5 in Fighting
  1201 | D:2      | Reached XP level 5. HP: 26/39 MP: 5/5
  1201 | D:2      | Reached XP level 6. HP: 30/45 MP: 6/6
  1329 | D:2      | Noticed Robin
  1422 | D:2      | Killed Robin
  1570 | D:2      | Found an iron altar of Okawaru.
  1580 | D:2      | Became a worshipper of Warmaster Okawaru
  2161 | D:2      | Found a runed door.
  2237 | D:2      | Noticed Crazy Yiuf
  2252 | D:2      | Killed Crazy Yiuf
  2252 | D:2      | Reached skill level 6 in Fighting
  2390 | D:3      | Reached XP level 7. HP: 49/52 MP: 7/7
  3259 | D:4      | Reached skill level 7 in Fighting
  3594 | D:4      | Reached * piety under Okawaru
  3611 | D:4      | Found a staircase to the Ecumenical Temple.
  3812 | D:4      | Noticed dickylongcocking's ghost (novice MiFi)
  4346 | D:4      | Reached XP level 8. HP: 48/61 MP: 8/8
  4838 | D:5      | Entered Level 5 of the Dungeon
  4910 | D:5      | Found an opulent altar of Gozag.
  4951 | D:5      | Reached skill level 8 in Fighting
  4959 | D:5      | Found a glowing golden altar of the Shining One.
  4981 | D:5      | Reached skill level 2 in Long Blades
  4982 | D:5      | Noticed Nausicaa's ghost (amateur VSMo)
  5134 | D:5      | Killed Nausicaa's ghost
  5134 | D:5      | Reached skill level 3 in Long Blades
  5313 | D:5      | Reached skill level 4 in Long Blades
  5503 | D:5      | Found a shimmering altar of Xom.
  5642 | D:6      | Reached skill level 5 in Long Blades
  5846 | D:6      | Noticed moose's ghost (novice CeTm)
  5864 | D:6      | Killed moose's ghost
  5864 | D:6      | Reached ** piety under Okawaru
  5864 | D:6      | Reached skill level 7 in Long Blades
  5864 | D:6      | Reached XP level 9. HP: 53/66 MP: 6/9
  5892 | D:6      | Found a basalt altar of Yredelemnul.
  6385 | D:6      | Found a basalt altar of Yredelemnul.
  6442 | D:7      | Reached skill level 8 in Long Blades
  6487 | D:7      | Reached skill level 1 in Invocations
  6632 | D:7      | Reached skill level 2 in Invocations
  6769 | D:7      | Reached skill level 3 in Invocations
  6822 | D:7      | Reached skill level 2 in Dodging
  6840 | D:7      | Reached skill level 3 in Dodging
  7161 | D:7      | Reached skill level 4 in Dodging
  7246 | D:8      | Reached XP level 10. HP: 72/72 MP: 9/12
  7255 | D:8      | Reached skill level 5 in Dodging
  7556 | D:8      | Reached skill level 6 in Dodging
  7840 | D:8      | Reached skill level 7 in Dodging
  8170 | D:9      | Found a shattered altar of Ashenzari.
  8184 | D:9      | Reached skill level 8 in Dodging
  8264 | D:9      | Found a hide-covered altar of Uskayaw.
  8391 | D:9      | Reached skill level 9 in Dodging
  8400 | D:9      | Reached *** piety under Okawaru
  9011 | D:9      | Reached skill level 10 in Dodging
  9096 | D:9      | Found a stormy altar of Qazlal.
  9096 | D:9      | Found a shattered altar of Ashenzari.
  9127 | D:10     | Entered Level 10 of the Dungeon
  9127 | D:10     | Noticed a cyclops
  9152 | D:10     | Killed a cyclops
  9339 | D:10     | Reached XP level 11. HP: 71/77 MP: 13/13
  9503 | D:10     | Reached skill level 11 in Dodging
  9898 | D:10     | Noticed Grum
  9915 | D:10     | Killed Grum
  9915 | D:10     | Reached skill level 12 in Dodging
 10173 | D:10     | Noticed Urug
 10198 | D:10     | Killed Urug
 10198 | D:10     | Reached skill level 9 in Long Blades
 10550 | D:10     | Killed an unseen horror
 10550 | D:10     | Reached **** piety under Okawaru
 10902 | D:11     | Reached skill level 10 in Long Blades
 10925 | D:11     | Found a staircase to the Lair.
 11237 | D:11     | Noticed a white ugly thing
 11521 | D:11     | Noticed a cyclops
 11535 | D:11     | Killed a cyclops
 12062 | D:11     | Reached skill level 11 in Long Blades
 12065 | D:11     | Reached XP level 12. HP: 58/82 MP: 14/14
 12447 | D:11     | Reached skill level 1 in Shields
 12516 | D:11     | Reached skill level 2 in Shields
 12630 | D:11     | Reached skill level 3 in Shields
 12642 | D:12     | Noticed a five-headed hydra
 12694 | D:12     | Got an ichor-stained ring mail
 12719 | D:11     | Identified the +1 ring mail of Theory {rElec Str+2} (You found it on level 12 of the Dungeon)
 12822 | D:12     | Reached skill level 4 in Shields
 13273 | D:12     | Reached skill level 5 in Shields
 14492 | D:13     | Reached skill level 9 in Fighting
 14649 | D:13     | Noticed moose's ghost (journeyman CeTm)
 14680 | D:13     | Killed moose's ghost
 14865 | D:13     | Noticed a vault guard
 14895 | D:13     | Reached skill level 10 in Fighting
 14912 | D:13     | Noticed a vault guard
 14927 | D:13     | Found a labyrinth entrance.
 14938 | Lab      | Entered a labyrinth
 15088 | Lab      | Noticed a minotaur
 15096 | Lab      | Killed a minotaur
 15096 | Lab      | Received a gift from Okawaru
 15310 | D:13     | Noticed a wizard
 15312 | D:13     | Noticed an ogre mage
 15323 | D:13     | Killed a wizard
 15323 | D:13     | Reached XP level 13. HP: 57/94 MP: 13/15
 15329 | D:13     | Killed an ogre mage
 15329 | D:13     | Reached skill level 11 in Fighting
 15889 | D:13     | Noticed a centaur warrior
 15903 | D:13     | Killed a centaur warrior
 15903 | D:13     | Received a gift from Okawaru
 15903 | D:13     | Reached skill level 12 in Fighting
 16401 | D:13     | Killed a vault guard
 16411 | D:13     | Noticed a vault guard
 16411 | D:13     | Noticed an ogre mage
 16420 | D:13     | Noticed a vault guard
 16420 | D:13     | Noticed a vault guard
 16420 | D:13     | Found a gate to the Vaults.
 16433 | D:13     | Killed from afar by an ogre mage

Vault maps used:
D:1:      minmay_arrival_plants_in_alcoves, serial_park_tiny_1,
          minmay_misc_feat_chi
D:2:      minmay_wonky_spiral, lemuel_coloured_pillars_altar,
          old_standard_altar, first_bread, kennysheep_generic_room_7, uniq_iyjb,
          uniq_sigmund, uniq_crazy_yiuf_cottage, uniq_robin
D:4:      kennysheep_generic_room_4
D:5:      nicolae_gozag_seed_capital, basic_altar, minmay_statues_item,
          tso_metal_star
D:6:      lemuel_zombie_altar_yredelemnul, yredelemnul_altar_generic
D:9:      eat_drink_and_be_merry_uskayaw, gammafunk_temple_overflow_wave,
          ashenzari_altar_1
D:10:     uniq_grum, uniq_urug
D:11:     minmay_lair_entry_grove
D:12:     erik_orc_2, serial_bayou, serial_bayou_pond_d, serial_bayou_lake_a,
          serial_bayou_pond_c, serial_bayou_crossing
D:13:     grunt_vaults_entry_fortified, lab_entry_generic, grunt_ogre_cave,
          minmay_guarded_unrand_prune
Lab:      nicolae_lab_dead_adventurers, nicolae_lab_blocks, labyrinth_fake_exit,
          nicolae_lab_t_cross, labyrinth_lava_lair, nicolae_lab_dead_end,
          lab_hedge

Skill      XL: |  1  2  3  4  5  6  7  8  9 10 11 12 13 |
---------------+----------------------------------------+-----
Fighting       | 2 3 5 6 7 8 10 12 | 12.4
Long Blades    | 7 8 11 | 11.3
Invocations    | 3 |  3.4
Dodging        | 4 10 12 | 12.0
Shields        | 5 |  5.9
Short Blades   | |  2.6
Throwing       | |  2.1
Stealth        | |  4.3

Action                   |  1- 3 |  4- 6 |  7- 9 | 10-12 | 13-15 || total
-------------------------+-------+-------+-------+-------+-------++-------
Melee: Dagger            |    64 |   204 |   108 |       |       ||   376
       Long sword        |       |       |   271 |  1017 |       ||  1288
       Punch             |       |       |     3 |    15 |       ||    18
       Demon blade       |       |       |       |    12 |   131 ||   143
 Fire: Blowgun           |     5 |    17 |    12 |     8 |       ||    42
Throw: Stone             |       |       |     2 |       |       ||     2
       Tomahawk          |       |       |       |     3 |     2 ||     5
Invok: Heroism           |       |       |    15 |    56 |    10 ||    81
  Use: Scroll            |     4 |     3 |     6 |    19 |     2 ||    34
       Potion            |     1 |       |     2 |    11 |     1 ||    15
 Stab: Sleeping          |     6 |     1 |    11 |     7 |       ||    25
       Distracted        |       |     1 |     3 |     1 |       ||     5
       Invisible         |       |       |       |     2 |       ||     2
  Eat: Chunk             |       |     5 |    11 |    15 |       ||    31
       Meat ration       |       |       |     1 |     2 |     1 ||     4
       Fruit             |       |       |       |     1 |       ||     1
       Beef jerky        |       |       |       |     1 |       ||     1
Armor: Robe              |    25 |     2 |       |       |       ||    27
       Ring mail         |       |    94 |   122 |    71 |     8 ||   295
       Skin              |       |       |       |     7 |       ||     7
       Mottled dragon ar |       |       |       |       |     2 ||     2
Dodge: Dodged            |    43 |   159 |   211 |   598 |    64 ||  1075
Block: Buckler           |       |       |       |    77 |    31 ||   108

Table legend:
 A = Turns spent in this place as a percentage of turns spent in the entire game.
 B = Non-inter-level travel turns spent in this place as a percentage of non-inter-level travel turns spent in the entire game.
 C = Inter-level travel turns spent in this place as a percentage of turns spent in this place.
 D = Turns resting spent in this place as a percentage of non-inter-level travel turns spent in this place.
 E = Turns spent auto-exploring this place as a percentage of non-inter-level travel turns spent in this place.
 F = Non-inter-level travel turns spent in this place divided by the number of levels of this place that you've seen.
                   A       B       C       D       E      F
               +-------+-------+-------+-------+-------+----------------------
         Total | 100.0 | 100.0 |   0.3 |   2.7 |   3.5 | 495.1
       Dungeon |  97.3 |  97.2 |   0.3 |   2.7 |   3.6 | 518.5
     Labyrinth |   2.7 |   2.8 |   0.0 |   2.1 |   0.0 | 191.0
               +-------+-------+-------+-------+-------+----------------------

Table legend:
 A = Kills in this place as a percentage of kills in entire the game.
 B = Kills by you in this place as a percentage of kills by you in the entire game.
 C = Kills by friends in this place as a percentage of kills by friends in the entire game.
 D = Other kills in this place as a percentage of other kills in the entire game.
 E = Experience gained in this place as a percentage of experience gained in the entire game.
 F = Experience gained in this place divided by the number of levels of this place that you have seen.
                   A       B       C       D       E      F
               +-------+-------+-------+-------+-------+----------------------
         Total | 100.0 | 100.0 | 100.0 | 100.0 | 100.0 | 2559.1
       Dungeon |  99.7 |  99.7 | 100.0 | 100.0 |  96.9 | 2670.5
     Labyrinth |   0.3 |   0.3 |   0.0 |   0.0 |   3.1 | 1111.0
               +-------+-------+-------+-------+-------+----------------------
